 Dungeon Crawl Stone Soup version 0.30-a0-329-g85436e0a43 (webtiles) character file.

Game seed: 17595111640180404702

4195 Lanoc the Cleaver (level 10, -6/93 (94) HPs)
             Began as a Naga Berserker on Oct 28, 2022.
             Was an Elder of Trog.
             Mangled by a centaur warrior
             ... wielding the +0 rapier of Optimality {antimagic, rCorr Str+8 Dex-5}
              (15 damage)
             ... on level 7 of the Dungeon.
             The game lasted 00:11:59 (6815 turns).

Lanoc the Cleaver (Naga Berserker)                  Turns: 6815, Time: 00:12:00

HP:   -6/93 (94)    AC: 20    Str: 19    XL:     10   Next: 29%
MP:   0/10          EV:  7    Int:  8    God:    Trog [****..]
Gold: 284           SH:  0    Dex: 15    Spells: 9/9 levels left

rFire   + + .      SeeInvis +    K - +4 quarterstaff (chaos)
rCold   x . .      Faith    +    (shield currently unavailable)
rNeg    . . .      Spirit   .    f - +0 fire dragon scales
rPois   +          Reflect  .    o - +1 hat
rElec   .          Harm     .    J - +1 cloak
rCorr   .          Rampage  .    l - +0 pair of gloves
Will    +....                    L - +2 barding
Stlth   ..........               y - amulet of faith
HPRegen 0.35/turn                (no ring)
MPRegen 0.12/turn                (no ring)

@: mighty, on berserk cooldown, slowed, lightly drained, very slow
A: AC +3, large, see invisible, deformed body, poison resistance, slowness 2,
spit poison 1, naga tail 1
a: Spit Poison, Renounce Religion, Berserk, Trog's Hand, Brothers in Arms


You were on level 7 of the Dungeon.
You worshipped Trog.
Trog was greatly pleased with you.
You visited 2 branches of the dungeon, and saw 8 of its levels.

You collected 349 gold pieces.
You spent 65 gold pieces at shops.

Inventory:

Hand Weapons
 t - a +2 dagger of speed
 A - a +1 vampiric scythe
 K - a +4 quarterstaff of chaos (weapon)
Missiles
 k - 3 atropa-tipped darts
Armour
 b - a +0 animal skin
 f - +0 fire dragon scales (worn)
 l - a +0 pair of gloves (worn)
 o - a +1 hat (worn)
 J - a +1 cloak (worn)
 L - a +2 barding (worn)
Jewellery
 a - an amulet of the acrobat
 y - an amulet of faith (around neck)
Wands
 s - a wand of polymorph (4)
 w - a wand of mindburst (5)
 x - a wand of iceblast (12)
 M - a wand of light (7)
Scrolls
 d - 4 scrolls of identify
 e - 2 scrolls of enchant armour {unknown}
 h - 4 scrolls of teleportation
 i - 3 scrolls of poison {unknown}
 j - a scroll of fear {unknown}
 m - 2 scrolls of noise {unknown}
 n - a scroll of butterflies {unknown}
 B - a scroll of vulnerability {unknown}
 D - 2 scrolls of brand weapon {unknown}
 E - 2 scrolls of blinking {unknown}
 G - 2 scrolls of enchant weapon {unknown}
 H - 3 scrolls of amnesia {unknown}
 I - a scroll of immolation {unknown}
Potions
 c - 2 potions of curing {unknown}
 g - a potion of heal wounds
 p - 2 potions of ambrosia {unknown}
 q - 4 potions of invisibility {unknown}
 r - a potion of flight {unknown}
 u - a potion of might
 v - a potion of degeneration {unknown}
 z - a potion of cancellation {unknown}
 C - a potion of resistance {unknown}
 F - a potion of brilliance
 N - a potion of haste {unknown}


   Skills:
 + Level 7.2 Fighting
 * Level 9.8 Axes
 + Level 5.6 Armour
 + Level 5.7 Dodging


You had 9 spell levels left.
You didn't know any spells.
Your spell library was empty.

Dungeon Overview and Level Annotations

Branches:
Dungeon (7/15)             Temple (1/1) D:6

Altars:
Ashenzari
Cheibriados
Dithmenos
Fedhas
Hepliaklqana
Nemelex Xobeh
Ru
Sif Muna
Uskayaw
Vehumet
Xom
Yredelemnul

Shops:
D:3 ?

Annotations:
D:4 1 runed translucent door
Temple 2 transporters


Innate Abilities, Weirdness & Mutations

Your serpentine skin is tough. (AC +3)
You have supernaturally acute eyesight. (SInv)
Armour fits poorly on your strangely shaped body.
Your system is resistant to poisons. (rPois)
You cover ground very slowly.
You can spit poison.
You have a snake-like lower body.


Message History

You feel much better.
The centaur warrior hits you but does no damage.
The centaur warrior kicks you but does no damage.
The centaur warrior barely misses you. The centaur warrior closely misses you.
The centaur warrior hits you with the +0 rapier of Optimality {antimagic, rCorr Str+8 Dex-5}!
The centaur warrior kicks you but does no damage.
You feel very mighty all of a sudden.
The centaur warrior hits you with the +0 rapier of Optimality {antimagic, rCorr Str+8 Dex-5}!
* * * LOW HITPOINT WARNING * * *
The centaur warrior kicks you but does no damage.
The centaur warrior hits you with the +0 rapier of Optimality {antimagic, rCorr Str+8 Dex-5}.
* * * LOW HITPOINT WARNING * * *
The centaur warrior kicks you but does no damage.
The centaur warrior hits you but does no damage.
The centaur warrior kicks you but does no damage.
The centaur warrior hits you but does no damage.
The centaur warrior kicks you but does no damage.
You hit the centaur warrior but do no damage.
The centaur warrior is severely wounded.
The centaur warrior hits you but does no damage.
The centaur warrior kicks you but does no damage.
The centaur warrior hits you but does no damage.
The centaur warrior kicks you but does no damage.
The centaur warrior closely misses you. x2
The centaur warrior hits you but does no damage.
The centaur warrior kicks you but does no damage.
You sock the centaur warrior!
The centaur warrior is almost dead.
The centaur warrior hits you but does no damage.
The centaur warrior closely misses you.
The centaur warrior hits you but does no damage.
The centaur warrior completely misses you.
The centaur warrior hits you with the +0 rapier of Optimality {antimagic, rCorr Str+8 Dex-5}.
* * * LOW HITPOINT WARNING * * *
The centaur warrior kicks you but does no damage.
The centaur warrior hits you with the +0 rapier of Optimality {antimagic, rCorr Str+8 Dex-5}!
* * * LOW HITPOINT WARNING * * *
The centaur warrior kicks you but does no damage.
The centaur warrior hits you with the +0 rapier of Optimality {antimagic, rCorr Str+8 Dex-5}!
You die...

#. ##..# #.# #> ... .... # #.# #)
##.### )z# . #.# #. #.....## #Y#
.# # #.# #. .......###.# .# #.#
#.#####.###. ......))zz.# #.#.#
#...)....... .#####.##### ##†##
#####.#####. .#.........# ##)#.#
#.........#. .#.........###.#@#.#
#.#.....#.#.
.#.........##.##c##.##.#.....#.#.
.#.........#.##|)| #.#.#.....#.#.
.............#..⌠}.#...##...##...
.#...))....#.##}[)##.#..#...#..#.
.#........[##.##.##.##..##.##..#.
.#..)......# #.###.####..###..##.
.#.........# #.#.## #.....###.
.#####.#########.#########.#####.


You could see a centaur warrior (fast).

Vanquished Creatures
  A tengu conjurer (D:7)
  A troll (D:7)
  The ghost of Tenar the Digger, an amateur BaEE of Vehumet (D:4)
  Sigmund (D:3)
  A steam dragon (D:7)
  Duvessa (D:5)
  2 ice beasts
  A sky beast (D:7)
  5 black bears
  An ogre (D:4)
  A phantom (D:7)
  Blork the orc (D:6)
  5 bullfrogs
  7 scorpions
  6 wights (D:7)
  Dowan (D:5)
  A howler monkey (D:7)
  2 jellies
  5 orc priests
  3 hounds
  Crazy Yiuf (D:6)
  2 gnoll boudas (D:5)
  Jessica (D:2)
  5 iguanas
  Ijyb (D:3)
  10 orc wizards
  10 gnolls (D:5)
  A river rat (D:4)
  5 adders
  A white imp (D:7)
  2 ufetubi (D:5)
  A worm (D:4)
  A dart slug (D:3)
  27 orcs
  8 endoplasms
  2 giant cockroaches
  6 goblins
  3 hobgoblins
  15 jackals
  3 quokkas
  6 ball pythons
  3 bats
  4 frilled lizards
  3 kobolds
  3 rats
171 creatures vanquished.

Vanquished Creatures (collateral kills)
  An orc (D:5)
1 creature vanquished.

Vanquished Creatures (others)
  3 plants (D:4)
3 creatures vanquished.

Grand Total: 175 creatures vanquished

Notes
Turn   | Place    | Note
-------+----------+-------------------------------------------
     0 | D:1      | Lanoc the Naga Berserker began the quest for the Orb.
     0 | D:1      | Reached XP level 1. HP: 21/21 MP: 1/1
   186 | D:1      | Reached XP level 2. HP: 25/28 MP: 2/2
  1003 | D:2      | Noticed a scorpion
  1008 | D:2      | Killed a scorpion
  1009 | D:2      | Reached XP level 3. HP: 34/34 MP: 3/3
  1009 | D:2      | Reached XP level 4. HP: 42/42 MP: 4/4
  1105 | D:2      | Reached skill level 4 in Axes
  1238 | D:2      | Identified the +0 robe of Otoudd {Dex+4}
  1368 | D:2      | Reached XP level 5. HP: 33/49 MP: 5/5
  1496 | D:2      | Noticed Jessica
  1502 | D:2      | Killed Jessica
  1919 | D:3      | Noticed Ijyb
  1930 | D:3      | Killed Ijyb
  2146 | D:3      | Noticed Sigmund
  2155 | D:3      | Killed Sigmund
  2156 | D:3      | Reached skill level 5 in Axes
  2156 | D:3      | Reached XP level 6. HP: 57/57 MP: 6/6
  2240 | D:3      | Found Zanoen's Magic Scroll Shop.
  2243 | D:3      | Bought a scroll of teleportation for 39 gold pieces
  2243 | D:3      | Bought a scroll of identify for 26 gold pieces
  2581 | D:4      | Found a broken altar of Ashenzari.
  2762 | D:4      | Reached ** piety under Trog
  2823 | D:4      | Found a shimmering altar of Xom.
  2823 | D:4      | Found a shimmering blue altar of Sif Muna.
  2824 | D:4      | Found a blossoming altar of Fedhas.
  2839 | D:4      | Found a sparkling altar of Nemelex Xobeh.
  2872 | D:4      | Found a runed translucent door.
  2878 | D:4      | Noticed Tenar's ghost (amateur BaEE)
  2907 | D:4      | Reached XP level 7. HP: 55/66 MP: 7/7
  2926 | D:4      | Killed Tenar's ghost
  2950 | D:4      | Found a runed translucent door.
  3154 | D:4      | Reached skill level 6 in Axes
  3481 | D:5      | Entered Level 5 of the Dungeon
  3549 | D:5      | Reached XP level 8. HP: 53/73 MP: 8/8
  3612 | D:5      | Found a snail-covered altar of Cheibriados.
  3634 | D:5      | Reached skill level 5 in Fighting
  3806 | D:5      | Noticed Duvessa
  3807 | D:5      | Noticed Dowan
  3815 | D:5      | Killed Duvessa
  3822 | D:5      | Killed Dowan
  3849 | D:5      | Reached skill level 7 in Axes
  3874 | D:5      | Reached *** piety under Trog
  4488 | D:6      | Reached XP level 9. HP: 82/82 MP: 9/9
  4567 | D:6      | Reached skill level 8 in Axes
  4623 | D:6      | Found a staircase to the Ecumenical Temple.
  4635 | Temple   | Entered the Ecumenical Temple
  4635 | Temple   | Found a transporter.
  4635 | Temple   | Found a transporter.
  4832 | D:6      | Noticed Blork the orc
  4852 | D:6      | Killed Blork the orc
  5538 | D:6      | Found a runed translucent door.
  5539 | D:6      | Noticed Crazy Yiuf
  5845 | D:6      | Killed Crazy Yiuf
  5953 | D:7      | Reached skill level 5 in Dodging
  5958 | D:7      | Reached skill level 5 in Armour
  6044 | D:7      | Noticed a troll
  6063 | D:7      | Killed a troll
  6067 | D:7      | Reached skill level 9 in Axes
  6314 | D:7      | Reached XP level 10. HP: 74/92 MP: 10/10
  6314 | D:7      | Reached **** piety under Trog
  6583 | D:7      | HP: 1/86 [wight/+0 halberd (8)]
  6791 | D:7      | Identified the +0 rapier of Optimality {antimagic, rCorr
                  | Str+8 Dex-5}
  6791 | D:7      | Noticed a centaur warrior
  6815 | D:7      | Mangled by a centaur warrior

Illustrated notes

Levels and vault maps discovered:
D:1:      heliophobic_arrival_glass_houses, layout_basic
D:2:      minmay_wonky_spiral, layout_basic, uniq_jessica
D:3:      layout_loops_cross, serial_shops, shop, uniq_ijyb, uniq_sigmund
D:4:      minmay_door_path, layout_basic, ashenzari_altar_1,
          nicolae_overflow_quartered_altars, ebering_ghost_sewer_f,
          hangedman_decor_points, serial_bayou_lagoon_a
D:5:      layout_basic, kennysheep_little_box, hangedman_decor_riveting,
          uniq_duvessa
D:6:      layout_basic, temple_hall, minmay_misc_feat_columns,
          uniq_crazy_yiuf_cottage, uniq_blork_the_orc
D:7:      minmay_the_grid_plus [minmay_the_grid_square_x, minmay_the_grid_empty,
          minmay_the_grid_large_cup, minmay_the_grid_stretched_grid,
          minmay_the_grid_prize_diamond_cup], layout_rooms, grunt_ogre_cave
Temple:   hellmonk_temple_divided_pantheon

Skill      XL: |  1  2  3  4  5  6  7  8  9 10 |
---------------+-------------------------------+-----
Armour         | 2 3 4 5 |  5.6
Dodging        | 2 3 4 5 |  5.7
Axes           | 4 5 6 7 9 |  9.8
Fighting       | 4 5 6 7 |  7.2

Action                   |  1- 3 |  4- 6 |  7- 9 | 10-12 || total
-------------------------+-------+-------+-------+-------++-------
Melee: Hand axe          |    31 |    73 |       |       ||   104
       Punch             |       |     3 |       |       ||     3
       Dagger            |       |    13 |       |       ||    13
       Halberd           |       |    56 |   304 |       ||   360
       Quarterstaff      |       |       |    58 |    77 ||   135
Invok: Berserk           |     1 |     2 |     9 |     2 ||    14
       Trog's Hand       |       |       |     1 |     2 ||     3
 Abil: Spit Poison       |     8 |    16 |    23 |     1 ||    48
  Use: Potion            |       |       |     1 |     2 ||     3
       Scroll            |       |       |     1 |     1 ||     2
Armor: Animal skin       |     2 |       |       |       ||     2
       Fire dragon scale |     7 |    93 |   247 |   103 ||   450
Dodge: Dodged            |    14 |    61 |   205 |    53 ||   333

Table legend: (Time is in decaauts)
 A = Elapsed time spent in this place.
 B = Non-inter-level travel time spent in this place.
 C = Inter-level travel time spent in this place.
 D = Time resting spent in this place.
 E = Time spent auto-exploring this place.
 F = Levels seen in this place.
 G = Mean time per level.
                   A        B        C        D        E       F      G
               +--------+--------+--------+--------+--------+-----+--------+
         Total |   8813 |   8479 |    334 |      0 |   6986 |   8 | 1101.6 |
       Dungeon |   8811 |   8477 |    334 |      0 |   6986 |   7 | 1258.7 |
        Temple |      1 |      1 |      0 |      0 |      0 |   1 |    1.0 |
               +--------+--------+--------+--------+--------+-----+--------+

Top non-repeatable levels by time:
     D:6: 2044 daAuts
     D:1: 1322 daAuts
     D:4: 1263 daAuts
     D:2: 1194 daAuts
     D:5: 1071 daAuts
     D:7: 1040 daAuts
     D:3: 873 daAuts
  Temple: 1 daAuts
